 Dungeon Crawl Stone Soup version 0.29.0-7-g18a832c13a (webtiles) character file.

Game seed: 18354508161726604833

51 SensoryNuts the Trooper (level 3, -4/29 HPs)
             Began as a Demonspawn Fighter on Aug 31, 2022.
             Slain by a gnoll
             ... wielding a +0 whip
              (5 damage)
             ... on level 3 of the Dungeon.
             The game lasted 00:01:16 (2542 turns).

SensoryNuts the Trooper (Demonspawn Fighter)        Turns: 2542, Time: 00:01:17

Health: -4/29      AC:  7    Str: 16    XL:     3   Next: 57%
Magic:  3/3        EV:  4    Int:  9    God:
Gold:   139        SH:  0    Dex: 14    Spells: 2/2 levels left

rFire   . . .      SeeInvis .   a - +0 long sword
rCold   . . .      Faith    .   c - +0 buckler
rNeg    . . .      Spirit   .   b - +0 scale mail
rPois   .          Reflect  .   (no helmet)
rElec   .          Harm     .   (no cloak)
rCorr   .          Rampage  .   (no gloves)
Will    .....                   (no boots)
Stlth   ..........              (no amulet)
HPRegen 0.09/turn               (no ring)
MPRegen 0.08/turn               (no ring)

@: mighty, held
A: rugged brown scales 1
a: no special abilities


You were on level 3 of the Dungeon.
You visited 1 branch of the dungeon, and saw 3 of its levels.

You collected 139 gold pieces.

Inventory:

Hand Weapons
 a - a +0 long sword (weapon)
Armour
 b - a +0 scale mail (worn)
 c - a +0 buckler (worn)
Scrolls
 e - a scroll of immolation {unknown}
 f - a scroll of identify {unknown}
Potions
 d - a potion of might
 g - a potion of degeneration {unknown}
 h - 2 potions of curing {unknown}
 j - 2 potions of haste {unknown}
 k - 3 potions of flight {unknown}


   Skills:
 + Level 3.2 Fighting
 * Level 2.7 Long Blades
 + Level 3.1 Armour
 + Level 0.2 Dodging
 + Level 2.9 Shields


You had 2 spell levels left.
You didn't know any spells.
Your spell library contained the following spells:

 Spells                   Type           Power      Damage    Failure   Level
 Dazzling Flash           Conj/Hex       0%         N/A       99%         3
 Agony                    Necr           0%         N/A       100%        5
 Silence                  Hex/Air        0%         N/A       100%        5


Dungeon Overview and Level Annotations

Branches:
Dungeon (3/15)

Altars:
Cheibriados
Fedhas
Trog


Innate Abilities, Weirdness & Mutations

You are partially covered in rugged brown scales. (AC +1, +3% HP)


Message History

Found 5 stones.
Found 6 stones.
Found a stone staircase leading down.
f - a scroll labelled GITAREWANG A gnoll comes into view.
It is wielding a +0 whip.
A gnoll comes into view. It is wielding a +0 club.
The gnoll shouts! x2; You hear a bark!
You hear a shout!
A gnoll comes into view. It is wielding a +0 spear.
The gnoll shouts!
You hear an angry hiss.
You hear a shout!
A gnoll comes into view. It is wielding a +0 flail.
A gnoll comes into view. It is wielding a +0 club.
The gnoll shouts!
A jackal comes into view. x2
You barely miss the gnoll.
The jackal barks!
You hear a shout!
A gnoll comes into view. It is wielding a +0 spear.
A gnoll comes into view. It is wielding a +0 whip.
The gnoll hits you with a +0 whip.
The gnoll hits you from afar with a +0 spear.
The gnoll closely misses you.
A hobgoblin comes into view.
The gnoll hits you but does no damage. The gnoll attacks as you move away!
The gnoll hits you with a +0 club. The gnoll attacks as you move away!
The gnoll hits you with a +0 whip.
The gnoll shouts!
An endoplasm comes into view.
The gnoll hits you from afar with a +0 spear.
The gnoll throws a throwing net.
The throwing net hits you.
You become entangled in the net!
You see here a throwing net.
You tear a large gash into the net.
The gnoll barely misses you. The gnoll hits you but does no damage.
Unknown command.
You feel very mighty all of a sudden. The gnoll hits you but does no damage.
The gnoll hits you with a +0 flail. The gnoll hits you with a +0 whip.
You struggle against the net.
The gnoll hits you but does no damage. The gnoll hits you with a +0 flail!
* * * LOW HITPOINT WARNING * * *
The gnoll hits you with a +0 whip.
You die...

..# ##.##.## .# #.#
#....# .g. ##.###
###..# ....##....#
#...# ....gg..#.# .
##...# #.g..##
#..##...#
#...gg#####......######
#..#hg##....##...†....#
#..#gg@...............#
#..#.###.####.........#
#..#.###.#####.##......
#........#......#..._..
#....####.........._8_.
##.#..##...............
..##..................
### ###.....(.....###..
#...........# ..


You could see 7 gnolls, a jackal and a hobgoblin.

Vanquished Creatures
  An adder (D:2)
  2 dart slugs (D:1)
  2 endoplasms (D:2)
  A giant cockroach (D:3)
  6 goblins
  7 hobgoblins
  A quokka (D:1)
  2 ball pythons (D:2)
  6 bats
  2 kobolds
  4 rats
34 creatures vanquished.

Notes
Turn   | Place    | Note
-------+----------+-------------------------------------------
     0 | D:1      | SensoryNuts the Demonspawn Fighter began the quest for the
                  | Orb.
     0 | D:1      | Reached XP level 1. HP: 18/18 MP: 1/1
   384 | D:1      | Found a faded altar of an unknown god.
   415 | D:1      | Gained mutation: You are partially covered in rugged brown
                  | scales. (AC +1, +3% HP) [demonic ancestry]
   415 | D:1      | Reached XP level 2. HP: 18/24 MP: 2/2
  1105 | D:2      | Reached XP level 3. HP: 17/29 MP: 3/3
  1381 | D:2      | Found a blossoming altar of Fedhas.
  1948 | D:2      | You fall into a shaft and drop 1 floor!
  2491 | D:3      | Found a blossoming altar of Fedhas.
  2492 | D:3      | Found a snail-covered altar of Cheibriados.
  2492 | D:3      | Found a bloodstained altar of Trog.
  2542 | D:3      | HP: 1/29 [gnoll/+0 flail (8)]
  2542 | D:3      | Slain by a gnoll

Illustrated notes

Levels and vault maps discovered:
D:1:      minmay_arrival_split_and_join, layout_basic,
          dreamdust_ecumenical_altar_statues,
          hangedman_abyss_or_decor_lesser_grid, fountainhead
D:2:      layout_basic, basic_altar, serial_forest, infiniplex_forest_end_3,
          infiniplex_forest_clump_small, infiniplex_forest_clump_small,
          infiniplex_forest_straight_4, infiniplex_forest_lined_room_2,
          infiniplex_forest_join, infiniplex_forest_end_3
D:3:      layout_rooms, tgw_kikubaaqudgha,
          chequers_temple_overflow_statue_of_worship,
          chequers_serial_rivers_room_b, minmay_misc_feat_diagonals

Skill      XL: |  1  2 |
---------------+-------+-----
Long Blades    | 2 |  2.7
Armour         | 3 |  3.1
Fighting       | |  3.2
Dodging        | |  0.2
Shields        | |  2.9

Action                   || total
-------------------------++-------
Melee: Long sword        ||    82
  Use: Scroll            ||     4
       Potion            ||     1
Armor: Scale mail        ||    45
Dodge: Dodged            ||    38
Block: Buckler           ||    15
